AoeStats
← Bartoz

Arena

509140121Analyzed
1v1 RM · 7d ago on Sep 25, 2026· 36m 36s· 2 players
Game mode
Random Map
Map size
Tiny (2 player)
Population
200
Speed
Normal
Resources
Standard
Victory
Conquest
Starting age
Dark Age
Ending age
Imperial Age
RankedLock teamsTeams togetherTeam positionsShared explorationLock speedFull tech treeHidden civsTurbo modeCheats
Victory
Defeat
🇿🇦 Celts · South Africa
783
+15
🇨🇱 Spanish · Chile
757
-15
Bartoz
10:16 Feudal Age
10:45 Double-Bit Axe
10:42 Horse Collar
11:40 Wheelbarrow
10:51 Town Watch
10:53 Loom
17:13 Castle Age
15:57 Gold Mining
15:58 Stone Mining
17:03 Forging
17:31 Fletching
18:46 Bow Saw
19:43 Heavy Plow
22:39 Town Patrol
25:13 Ballistics
25:35 Iron Casting
26:21 Hand Cart
29:02 Scale Barding Armor
28:53 Bodkin Arrow
29:00 Padded Archer Armor
33:52 Imperial Age
34:03 Husbandry
34:14 Bloodlines
Marcus Aurelius
7:12 Loom
12:37 Feudal Age
17:19 Castle Age
16:36 Double-Bit Axe
18:22 Man-at-Arms
27:07 Long Swordsman
34:10 Imperial Age
Connection lost

Rejoining the realm…

Still unreachable

The connection could not be restored.

Session expired

The server has moved on; the page needs a fresh start.